 Dungeon Crawl Stone Soup version 0.30-a0-618-gd6c86c23d0 (console) character file.

Game seed: 12184258037927762028

592890 jejorda2 the Hoplite (level 27, -2/240 HPs)
             Began as a Merfolk Berserker on Jan 9, 2023.
             Was the Champion of Trog.
             Slain by a ghost moth (11 damage)
             ... on level 5 of the Realm of Zot on Jan 10, 2023.
             The game lasted 03:35:15 (67951 turns).

jejorda2 the Hoplite (Merfolk Berserker)           Turns: 67951, Time: 03:35:16

Health: -2/240     AC: 33    Str: 23 (28) XL:     27
Magic:  1/23       EV: 23    Int:  2 (6)  God:    Trog [******]
Gold:   2800       SH: 24    Dex: 16 (21) Spells: 26/26 levels left

rFire   + + +      SeeInvis .    a - +9 demon trident (heavy)
rCold   + + .      Faith    +    U - +0 tower shield
rNeg    + + .      Spirit   .    p - +8 shadow dragon scales
rPois   +          Reflect  .    B - -2 hat of the Alchemist {rElec rPois rF+ rC+ rN+ Will+ rMut rCorr}
rElec   +          Harm     .    d - +2 cloak
rCorr   +          Rampage  +    i - +0 pair of gloves "Apreoj" {Fly rF+++ Will++ Stlth-}
rMut    +                        S - +2 pair of boots {rampage}
Will    +++++                    c - amulet of faith
Stlth   +++                      o - +5 ring of evasion
HPRegen 0.60/turn                s - ring of Sunagoan {rC+ rN+ Dex+6}
MPRegen 0.18/turn

@: on berserk cooldown, flying, slowed, studying 2 skills, very slow
A: (nimble swimmer 2), mertail, clumsy 1, devolution 1
}: 3/15 runes: barnacled, silver, gossamer
a: Renounce Religion, Berserk, Trog's Hand, Brothers in Arms


You were on level 5 of the Realm of Zot.
You worshipped Trog.
Trog was exalted by your worship.
You visited 9 branches of the dungeon, and saw 47 of its levels.
You visited 1 bazaar.
You also visited: Sewer.

You collected 8857 gold pieces.
You spent 6057 gold pieces at shops.

Inventory:

Hand Weapons
 a - a +9 heavy demon trident (weapon)
 b - the +5 demon whip "Spellbinder" {antimagic, Will+}
   (You bought it in a shop on level 4 of the Depths)

   It unleashes wild and unpredictable magical effects upon striking a wizard or
   a creature with magical abilities.
   Will:      It increases your willpower.
 w - the +6 trident of the Glowing Blood {heavy, +Blink}
   (Trog gifted it to you on level 1 of the Depths)

   +Blink:    It lets you blink.
Missiles
 g - 8 atropa-tipped darts
 r - 30 boomerangs (quivered)
 y - 7 curare-tipped darts
 C - 2 boomerangs of dispersal
 F - 15 javelins
 L - 14 throwing nets
 M - 77 poisoned darts
 Q - 23 silver javelins
Armour
 d - a +2 cloak (worn)
 i - the +0 pair of gloves "Apreoj" (worn) {Fly rF+++ Will++ Stlth-}
   (You found it on level 3 of the Spider Nest)

   rF:        It renders you almost immune to fire.
   Fly:       It grants you flight.
   Will:      It greatly increases your willpower.
   Stlth:     It makes you less stealthy.
 p - +8 shadow dragon scales (worn)
 B - the -2 hat of the Alchemist (worn) {rElec rPois rF+ rC+ rN+ Will+ rMut rCorr}
   (You found it on level 3 of the Elven Halls)

   rF:        It protects you from fire.
   rC:        It protects you from cold.
   rElec:     It insulates you from electricity.
   rPois:     It protects you from poison.
   rN:        It protects you from negative energy.
   rCorr:     It protects you from acid and corrosion.
   rMut:      It protects you from mutation.
   Will:      It increases your willpower.
 S - a +2 pair of boots of rampaging (worn)
 U - a +0 tower shield (worn)
Jewellery
 c - an amulet of faith (around neck)
 o - a +5 ring of evasion (left hand)
 s - the ring of Sunagoan (right hand) {rC+ rN+ Dex+6}
   (You found it on level 3 of the Elven Halls)

   [ring of protection from cold]

   Dex:       It affects your dexterity (+6).
   rC:        It protects you from cold.
   rN:        It protects you from negative energy.
Wands
 m - a wand of polymorph (15)
 t - a wand of flame (63)
 u - a wand of quicksilver (23)
 v - a wand of paralysis (24)
 J - a wand of iceblast (71)
 W - a wand of digging (15)
 X - a wand of mindburst (10)
Scrolls
 e - 6 scrolls of magic mapping
 x - 19 scrolls of teleportation
 z - 5 scrolls of fog
 E - a scroll of silence
 H - 10 scrolls of blinking
 R - 8 scrolls of fear
 T - a scroll of poison
 V - 10 scrolls of immolation
 Z - 3 scrolls of summoning
Potions
 f - 9 potions of flight
 h - 9 potions of ambrosia
 j - 13 potions of attraction
 k - 5 potions of invisibility
 l - 9 potions of might
 n - 36 potions of curing
 A - 9 potions of berserk rage
 I - 4 potions of resistance
 K - 10 potions of heal wounds
 N - 2 potions of cancellation
 O - 7 potions of mutation
 P - 5 potions of haste
Miscellaneous
 q - a lightning rod (4/4)
 D - a condenser vane
 G - a phial of floods
 Y - a tin of tremorstones (2/2)


   Skills:
 + Level 24.4 Fighting
 - Level 12.0 Maces & Flails
 + Level 22.7 Polearms
 + Level 16.9 Throwing
 + Level 14.2 Armour
 + Level 21.7 Dodging
 + Level 4.7 Stealth
 + Level 25.2 Shields
 + Level 9.0 Evocations


You had 26 spell levels left.
You didn't know any spells.
Your spell library was empty.

Dungeon Overview and Level Annotations

Branches:
Dungeon (15/15)            Temple (0/1) D:5            Lair (5/5) D:10
 Shoals (4/4) Lair:3       Spider (4/4) Lair:3        Slime (0/5) Lair:5
    Orc (2/2) D:9             Elf (3/3) Orc:2        Vaults (5/5) D:13
  Crypt (0/3) Vaults:3     Depths (4/4) D:15            Zot (5/5) Depths:4
  Sewer (visited)

Altars:
Cheibriados
Elyvilon
Fedhas
Gozag
Hepliaklqana
Kikubaaqudgha
Makhleb
Nemelex Xobeh
Qazlal
Ru
Sif Muna
Trog
Vehumet
Xom
Zin
The Shining One
Jiyva

Shops:
D:4 (   D:5 (   D:14 ?   Orc:1 !   Orc:2 [*(:   Elf:1 (   Shoals:1 (
Shoals:2 [(?:!   Vaults:1 :   Vaults:4 (   Vaults:5 ?   Zot:5 **   Depths:1 [
Depths:2 *   Depths:4 (

Portals:
Hell: Depths:1 Depths:2 Depths:3 Depths:4
Abyss: Depths:1 Depths:3 Depths:4
Pandemonium: Depths:2 Depths:3
Ziggurat: Depths:2

Annotations:
Zot:2 2 transporters
Zot:5 3 runed translucent doors, exclusion: 3 doors, Joggorr's ghost, veteran OgBe


Innate Abilities, Weirdness & Mutations

((You are very nimble when in or above water. (Stealth+, EV+, Speed+++)))
Your lower body shifts to a powerful aquatic tail in water.
You are clumsy. (Dex -2)
You have hidden genetic defects.


Message History

You block something's attack. Something hits you but does no damage.
You block something's attack.
You feel you are being watched by something.
Something hits you but does no damage. You block something's attack.
Something stings you but does no damage.
You feel you are being watched by something.
You feel you are being watched by something.
Something hits you but does no damage. x2
Something stings you but does no damage.
You block something's attack. Something hits you but does no damage.
Something closely misses you. Something hits you but does no damage.
Something barely misses you. You block something's attack.
Something hits you but does no damage. x2
Something stings you but does no damage.
You feel you are being watched by something.
You feel your power leaking away. Something hits you but does no damage.
Something closely misses you. Something stings you!
* * * LOW HITPOINT WARNING * * *
You feel dopey.
You hit something.
A piece of empty space twists and distorts.
Something barely misses you. Something misses you.
Something stings you but does no damage.
You whack something!
Desperate hands claw out at random.
Something closely misses you. Something barely misses you.
You block something's attack.
You hit something.
Fire whirls out of nowhere.
You barely miss something. Something hits you but does no damage.
Something misses you. Something barely misses you.
Your nameless horror barely misses something.
You miss something.
Your nameless horror hits something.
You feel magic returning to you.
a - a +9 heavy demon trident (weapon)
Something hits you.
* * * LOW HITPOINT WARNING * * *
Something misses you. Something closely misses you.
Your nameless horror barely misses something.
You completely miss something. Something hits you!
You die...

..=..............................
.................................
.............#.###.........######
.........#....## #..##+++### #
..#.....##...## ####X..y$## ##
##....(####.#.## #∩Wqy$$.# ###.
.......###.###X## #8$$8$$8# #...
.....####.## ##.## #.?$$.$.###...
....####.## ##@####.8∩8∩###....
...####.## ##.##########...<.
.⌠####.### ##.##..#........#
...##....# ##..##.⌠......##
...#.#...# ##########......##
....##(..######...######......#
......[..................⌠..###
............<)...^..........##
...........))..............#.##


You could see a friendly nameless horror (summoned).

Vanquished Creatures
  An orb of fire (Zot:5)
  3 dread liches
  A juggernaut (Depths:3)
  A curse toe (Zot:5)
  2 Killer Klowns (Zot:1)
  5 caustic shrikes (Depths:4)
  18 golden dragons
  A pearl dragon (Depths:1)
  An electric golem (Zot:1)
  15 tentacled monstrosities
  8 liches
  A walking divine tome (Depths:2)
  A titan (shapeshifter) (Vaults:5)
  4 quicksilver dragons
  A deep elf master archer (Elf:3)
  4 deep elf blademasters
  10 Orb Guardians (Zot:5)
  A walking frostbound tome (Depths:3)
  5 titans
  9 sphinxes
  Gastronok (Lair:2)
  12 death cobs
  Agnes (D:15)
  14 tengu reavers
  12 storm dragons
  10 shadow dragons
  3 draconian monks (Zot:1)
  Kirke (D:13)
  2 narguns (Depths:2)
  5 draconian knights
  3 iron dragons
  5 emperor scorpions
  16 frost giants
  11 fire giants
  7 draconian scorchers
  11 deep elf sorcerers
  4 ghost moths
  A balrug (D:12)
  6 deep elf elementalists (Elf:3)
  Louise (Depths:4)
  4 draconian stormcallers
  16 vault wardens
  2 orc warlords
  A draconian shifter (Zot:1)
  2 draconian annihilators (Zot:2)
  2 spriggan defenders (Depths:3)
  22 ironbound preservers
  7 broodmothers
  A caustic shrike skeleton (Depths:2)
  An ophan (Depths:1)
  A war gargoyle (Vaults:5)
  A juggernaut skeleton (Depths:2)
  An apis (Depths:1)
  5 ironbound thunderhulks
  39 very ugly things
  4 deep elf demonologists
  6 vampire knights
  9 green draconians
  19 stone giants
  10 white draconians
  8 deep elf annihilators
  5 black draconians
  10 yellow draconians
  6 red draconians
  10 purple draconians
  9 spark wasps
  4 crystal guardians
  11 dire elephants
  8 merfolk javelineers
  11 merfolk impalers
  6 deep elf death magi
  14 ettins
  13 fire dragons
  2 entropy weavers (Spider:1)
  6 great orbs of eyes
  9 yaktaur captains
  6 deep elf high priests
  12 ice dragons
  40 vault guards
  4 rakshasas
  Fannar (D:11)
  9 ironbound frosthearts
  2 catoblepae
  19 centaur warriors
  6 hydras
  2 peacekeepers
  3 radroaches (Spider:1)
  A satyr (shapeshifter) (Vaults:2)
  5 merfolk avatars
  2 death knights (Vaults:3)
  5 spriggan air magi
  Erica (D:8)
  9 boulder beetles
  An ogre mage (Vaults:5)
  6 merfolk aquamancers
  38 dancing weapons
  3 alligator snapping turtles
  4 satyrs
  8 two-headed ogres
  7 deep troll shamans
  2 hell hogs (Depths:3)
  15 deep troll earth magi
  12 spriggan berserkers
  5 orc high priests
  4 vampire magi
  7 soul eaters
  A shock serpent (shapeshifter) (Depths:3)
  7 tengu warriors
  19 deep elf knights
  7 sun demons
  11 hell knights
  12 iron trolls
  7 pharaoh ants
  5 skeletal warriors (D:13)
  A shadow wraith (Vaults:3)
  A flayed ghost (Depths:3)
  5 sun moths
  A sea snake (shapeshifter) (Vaults:5)
  A spriggan simulacrum (Depths:2)
  67 deep trolls
  15 orb spiders
  6 deep elf archers
  6 glowing orange brains
  11 sea snakes
  Pikel (D:7)
  5 phantasmal warriors
  9 orc knights
  12 ironbound convokers
  10 steelbarb worms
  A harpy (shapeshifter) (Elf:1)
  10 necromancers
  16 wizards
  22 harpies
  7 lindwurms
  25 deep elf zephyrmancers
  28 deep elf pyromancers
  21 wolf spiders
  An oklob plant (Lair:4)
  14 fauns
  7 orc sorcerers
  52 ugly things
  25 moths of wrath
  9 cyclopes
  6 merfolk sirens
  16 manticores
  An elephant (shapeshifter) (Depths:4)
  5 water nymphs
  7 demonic crawlers
  22 vault sentinels
  7 black mambas
  18 elephants
  A guardian serpent (shapeshifter) (Depths:2)
  4 torpor snails
  2 orange demons (Depths:3)
  Maggie (D:7)
  Psyche (D:11)
  2 gargoyles
  A cane toad (shapeshifter) (Elf:1)
  11 cane toads
  7 rime drakes
  A spriggan zombie (Depths:2)
  A kobold demonologist (D:11)
  2 efreet
  An unseen horror (D:10)
  A komodo dragon (shapeshifter) (Elf:1)
  13 komodo dragons
  2 hellions
  A freezing wraith (Vaults:5)
  18 yaktaurs
  4 tengu conjurers
  A queen bee (Lair:3)
  A golden dragon simulacrum (Depths:2)
  41 merfolk
  5 trolls
  A troll (shapeshifter) (D:13)
  7 polar bears
  14 meliai
  21 tarantellas
  5 wind drakes
  10 dream sheep
  10 hornets
  28 blink frogs
  23 jumping spiders
  11 snapping turtles
  19 spriggans
  8 wyverns
  38 slime creatures
  4 air elementals
  2 shadows
  A ynoxinul (Depths:3)
  9 basilisks
  24 culicivoras
  A vampire (D:11)
  6 wraiths
  5 fire elementals
  36 yaks
  A hog (D:13)
  19 water elementals
  3 chaos spawn (Depths:3)
  6 vampire mosquitoes
  3 wargs
  6 steam dragons
  44 redbacks
  2 acid dragons
  2 floating eyes
  21 water moccasins
  Pargi (Sewer)
  35 orc warriors
  7 ice beasts (D:10)
  2 sky beasts (D:7)
  8 black bears
  4 boggarts (shapeshifter)
  3 ogres
  6 boggarts
  36 wolves
  9 centaurs
  2 lemures (D:7)
  4 kobold brigands
  15 bullfrogs
  3 earth elementals
  4 scorpions
  A necrophage (D:5)
  3 gnoll sergeants
  4 wights
  31 killer bees
  6 howler monkeys
  7 electric eels
  22 orc priests
  12 jellies
  3 hounds (D:7)
  An iron imp (D:4)
  A gnoll bouda (D:7)
  7 hell rats (Lair:5)
  3 iguanas
  28 orc wizards
  Robin (D:3)
  16 gnolls
  5 adders
  3 white imps
  An ufetubus (D:6)
  3 worms
  2 dart slugs
  83 orcs
  6 ball pythons
  6 bats
  5 endoplasms
  8 giant cockroaches
  19 goblins
  6 hobgoblins
  4 jackals
  20 kobolds
  3 quokkas (D:1)
  3 training dummies (Shoals:1)
  8 frilled lizards
  8 rats
  2 bushes (Lair:5)
  A plant (Lair:1)
2275 creatures vanquished.

Vanquished Creatures (collateral kills)
  Xtahua (Vaults:5)
  A fire giant (Vaults:5)
  A deep elf sorcerer (Vaults:4)
  An orc warlord (Vaults:4)
  A very ugly thing (Depths:2)
  A deep elf death mage (Vaults:5)
  A yaktaur captain (Vaults:3)
  A spriggan air mage (Depths:2)
  3 vault guards (Vaults:5)
  A deep troll earth mage (Depths:1)
  An orc high priest (Orc:2)
  A deep troll (Vaults:5)
  A deep elf archer (Elf:2)
  An ironbound convoker (Vaults:5)
  3 deep elf pyromancers
  2 orc knights
  An orc sorcerer (Orc:2)
  An ugly thing (Depths:2)
  3 yaktaurs (Vaults:3)
  A troll (D:11)
  2 orc warriors (Orc:2)
  4 orc priests (Orc:2)
  An orc wizard (Orc:2)
  2 orcs (Orc:2)
36 creatures vanquished.

Vanquished Creatures (others)
  A draconian knight (Zot:1)
  A draconian scorcher (Zot:4)
  A frost giant (Depths:3)
  A white draconian (Zot:1)
  A yellow draconian (Zot:4)
  A deep elf death mage (Elf:1)
  A deep elf pyromancer (Elf:2)
  A necromancer (Zot:3)
  A deep elf zephyrmancer (Elf:2)
  2 wizards
  2 unseen horrors
  A red devil (Depths:2)
  A tarantella (Spider:4)
  A water moccasin (shapeshifter) (Elf:2)
  An orc warrior (Orc:2)
  A bullfrog (D:7)
  A killer bee (Lair:3)
  An orc wizard (Orc:2)
  An orc (Orc:2)
  A kobold (D:7)
  A bush (Lair:5)
  58 fungi
  209 plants
290 creatures vanquished.

Grand Total: 2601 creatures vanquished

Notes
Turn   | Place    | Note
-------+----------+-------------------------------------------
     0 | D:1      | jejorda2 the Merfolk Berserker began the quest for the Orb.
     0 | D:1      | Reached XP level 1. HP: 18/18 MP: 1/1
    91 | D:1      | Reached XP level 2. HP: 23/24 MP: 2/2
   505 | D:1      | Reached XP level 3. HP: 25/29 MP: 3/3
   695 | D:2      | Identified the +1 leather armour "Ysoc" {rElec Will+}
   946 | D:2      | Reached skill level 5 in Polearms
  1421 | D:2      | Reached ** piety under Trog
  1643 | D:3      | Reached XP level 4. HP: 37/37 MP: 4/4
  1878 | D:3      | Found a burning altar of Makhleb.
  1950 | D:3      | Noticed Robin
  1970 | D:3      | Killed Robin
  1984 | D:3      | Reached XP level 5. HP: 42/42 MP: 5/5
  2697 | D:4      | Noticed a water moccasin
  2713 | D:4      | Killed a water moccasin
  2714 | D:4      | Reached XP level 6. HP: 50/50 MP: 6/6
  2838 | D:4      | Found Kaos's Weapon Boutique.
  2862 | D:4      | Found the ring of the Mage {Wiz Archmagi}
  3017 | D:4      | Found a snail-covered altar of Cheibriados.
  3089 | D:4      | Reached skill level 5 in Fighting
  3089 | D:4      | Reached skill level 5 in Dodging
  3194 | D:5      | Entered Level 5 of the Dungeon
  3236 | D:5      | Found a stormy altar of Qazlal.
  3250 | D:5      | Reached XP level 7. HP: 32/56 MP: 7/7
  3261 | D:5      | Found a glowing drain.
  3284 | D:5      | Reached *** piety under Trog
  3290 | Sewer    | Entered a sewer
  3412 | Sewer    | Noticed Pargi
  3422 | Sewer    | Killed Pargi
  3729 | D:5      | Reached XP level 8. HP: 36/64 MP: 8/8
  4021 | D:5      | Found a staircase to the Ecumenical Temple.
  4347 | D:5      | Found Hayxep's Weapon Shoppe.
  4351 | D:5      | Bought a throwing net for 30 gold pieces
  4600 | D:6      | Reached skill level 10 in Polearms
  4762 | D:6      | Found a white marble altar of Elyvilon.
  4762 | D:6      | Found a glowing silver altar of Zin.
  4762 | D:6      | Found a glowing golden altar of the Shining One.
  5084 | D:6      | Noticed a shadow
  5172 | D:6      | Killed a shadow
  5173 | D:6      | Reached XP level 9. HP: 63/69 MP: 9/9
  5806 | D:7      | Noticed Pikel
  5809 | D:7      | Noticed Maggie
  5818 | D:7      | Killed Pikel
  5824 | D:7      | Killed Maggie
  5958 | D:7      | Reached skill level 15 in Polearms
  6115 | D:7      | Reached XP level 10. HP: 77/77 MP: 10/10
  6116 | D:7      | Reached **** piety under Trog
  6207 | D:7      | Found a shimmering altar of Xom.
  6342 | D:7      | Found a sparkling altar of Nemelex Xobeh.
  6503 | D:8      | Noticed Erica
  6517 | D:8      | Killed Erica
  7162 | D:8      | Found an opulent altar of Gozag.
  7263 | D:8      | Found a bloodstained altar of Trog.
  7264 | D:8      | Noticed a wizard
  7269 | D:8      | Killed a wizard
  7305 | D:9      | You fall into a shaft and drop 1 floor!
  7305 | D:10     | Entered Level 10 of the Dungeon
  7355 | D:9      | Found a blossoming altar of Fedhas.
  7530 | D:9      | Reached XP level 11. HP: 87/87 MP: 11/11
  7573 | D:9      | Reached skill level 5 in Armour
  7703 | D:9      | Noticed a two-headed ogre
  7712 | D:9      | Killed a two-headed ogre
  7829 | D:9      | Found a radiant altar of Vehumet.
  8002 | D:9      | Found a staircase to the Orcish Mines.
  8026 | D:9      | Found a sacrificial altar of Ru.
  8046 | D:9      | Noticed a manticore
  8054 | D:9      | Killed a manticore
  8412 | D:10     | Identified the +0 pair of gloves "Rudus" {Int+5 Dex+6
                  | Stlth-}
  8481 | D:10     | Noticed a deep elf pyromancer
  8484 | D:10     | Killed a deep elf pyromancer
  8490 | D:10     | Reached ***** piety under Trog
  8642 | D:10     | Found a staircase to the Lair.
  9175 | D:10     | Noticed a two-headed ogre
  9185 | D:10     | Killed a two-headed ogre
  9207 | D:10     | Noticed a manticore
  9219 | D:10     | Killed a manticore
  9236 | D:10     | Noticed a cyclops
  9246 | D:10     | Killed a cyclops
  9254 | D:10     | Reached XP level 12. HP: 95/95 MP: 12/12
  9353 | D:10     | Found an ancient bone altar of Kikubaaqudgha.
  9475 | D:11     | Noticed Fannar
  9484 | D:11     | Killed Fannar
  9672 | D:11     | Noticed a fire dragon
  9676 | D:11     | Noticed a two-headed ogre
  9680 | D:11     | Noticed a five-headed hydra
  9685 | D:11     | Killed a two-headed ogre
  9698 | D:11     | Identified the +11 sling of the Eel {heavy, rN+ Str+6
                  | Dex+4}
  9699 | D:11     | Killed a fire dragon
  9703 | D:11     | Killed a two-headed hydra
  9704 | D:11     | Reached skill level 1 in Throwing
  9704 | D:11     | Reached skill level 1 in Evocations
  9708 | D:11     | Noticed a two-headed ogre
  9713 | D:11     | Killed a two-headed ogre
  9788 | D:11     | Noticed a two-headed ogre
  9794 | D:11     | Killed a two-headed ogre
  9881 | D:11     | Noticed a boulder beetle
  9906 | D:11     | Killed a boulder beetle
  9907 | D:11     | Reached skill level 10 in Fighting
 10111 | D:11     | Noticed Psyche
 10121 | D:11     | Killed Psyche
 10356 | Lair:1   | Entered Level 1 of the Lair of Beasts
 10363 | Lair:1   | Reached XP level 13. HP: 92/104 MP: 13/13
 10462 | Lair:1   | Reached skill level 5 in Throwing
 10462 | Lair:1   | Reached skill level 5 in Evocations
 11453 | Lair:2   | Noticed Gastronok
 11466 | Lair:2   | Killed Gastronok
 11808 | Lair:2   | Received a gift from Trog
 12421 | Lair:3   | Found a staircase to the Shoals.
 12935 | Lair:3   | Found a hole to the Spider Nest.
 13224 | Lair:3   | Reached XP level 14. HP: 110/116 MP: 14/14
 14275 | Lair:4   | Reached skill level 10 in Throwing
 14620 | Lair:4   | Found the +3 salamander hide armour {Flames rF++ rC--}
 15090 | Lair:5   | Entered Level 5 of the Lair of Beasts
 15140 | Lair:5   | Reached ****** piety under Trog
 15347 | Lair:5   | Reached skill level 1 in Shields
 15352 | Lair:5   | Identified the +8 quarterstaff "Efeoxa" {heavy, rC+ rCorr
                  | Dex-3} (Trog gifted it to you on level 5 of the Lair of
                  | Beasts)
 15352 | Lair:5   | Received a gift from Trog
 15364 | Lair:5   | Reached skill level 2 in Shields
 15421 | Lair:5   | Reached skill level 3 in Shields
 15517 | Lair:5   | Reached XP level 15. HP: 126/126 MP: 15/15
 15585 | Lair:5   | Found a viscous altar of Jiyva.
 15606 | Lair:5   | Reached skill level 4 in Shields
 15700 | Lair:5   | Reached skill level 5 in Shields
 15916 | Lair:5   | Found a staircase to the Slime Pits.
 16753 | D:12     | Received a gift from Trog
 16754 | D:12     | Reached skill level 6 in Shields
 16776 | D:12     | Found a runed translucent door.
 16779 | D:12     | Noticed a balrug
 16787 | D:12     | Killed a balrug
 16869 | D:12     | Identified the +1 scale mail of Zirekkew {Drain *Slow rElec
                  | MP+9}
 16973 | D:12     | Reached skill level 7 in Shields
 17263 | D:12     | Found a burning altar of Makhleb.
 17619 | D:13     | Reached skill level 8 in Shields
 17760 | D:13     | Found a gate to the Vaults.
 18124 | D:13     | Noticed Kirke
 18133 | D:13     | Killed Kirke
 18133 | D:13     | Identified the +9 spear of Disintegration {heavy, *Slow rN+
                  | Will+} (Trog gifted it to you on level 13 of the Dungeon)
 18133 | D:13     | Received a gift from Trog
 18348 | D:14     | Reached skill level 9 in Shields
 18410 | D:14     | Reached XP level 16. HP: 133/133 MP: 16/16
 18735 | D:14     | Found Qophikoi's Magic Scroll Emporium.
 18744 | D:14     | Bought a scroll of silence for 123 gold pieces
 18744 | D:14     | Bought a scroll of summoning for 123 gold pieces
 18777 | D:15     | Entered Level 15 of the Dungeon
 18809 | D:15     | Found a white marble altar of Elyvilon.
 18818 | D:15     | Noticed Agnes
 18824 | D:15     | Killed Agnes
 18998 | D:15     | Found a gateway to a bazaar.
 19097 | D:15     | Reached skill level 10 in Shields
 19110 | D:15     | Found a staircase to the Depths.
 19530 | Orc:1    | Entered Level 1 of the Orcish Mines
 19570 | Orc:1    | Found Ydghovvath's Distillery.
 19610 | Orc:1    | Received a gift from Trog
 19835 | Orc:2    | Entered Level 2 of the Orcish Mines
 19868 | Orc:2    | Found a radiant altar of Vehumet.
 20035 | Orc:2    | Found a staircase to the Elven Halls.
 20056 | Orc:2    | Reached skill level 10 in Dodging
 20168 | Orc:2    | Paralysed by an orc sorcerer for 5 turns
 20621 | Orc:2    | Found Yproj's Antique Armour Shop.
 20622 | Orc:2    | Found Lumeulov's Antique Weapon Shop.
 20624 | Orc:2    | Found Gytuewao's General Store.
 20624 | Orc:2    | Found Googodil's Book Boutique.
 20958 | Bazaar   | Entered a bazaar
 20964 | Bazaar   | Found Fanich's Book Emporium.
 20964 | Bazaar   | Found Webreq's Jewellery Shoppe.
 20976 | Bazaar   | Bought a manual of Shields for 1520 gold pieces
 20978 | Bazaar   | Bought an amulet of faith for 600 gold pieces
 21182 | Shoals:1 | Entered Level 1 of the Shoals
 21183 | Shoals:1 | Found Gautec's Firing Range.
 21203 | Shoals:1 | Bought 5 boomerangs for 27 gold pieces
 21203 | Shoals:1 | Bought 6 silver javelins for 158 gold pieces
 21203 | Shoals:1 | Bought a throwing net for 33 gold pieces
 21203 | Shoals:1 | Bought a throwing net for 33 gold pieces
 21231 | Shoals:1 | Reached skill level 11 in Shields
 21241 | Shoals:1 | Identified the +7 spear of Fareiteu {flame, rElec rN+
                  | Str+10 Dex-3} (Trog gifted it to you on level 1 of the
                  | Shoals)
 21241 | Shoals:1 | Received a gift from Trog
 21562 | Shoals:1 | Reached skill level 12 in Shields
 22080 | Shoals:2 | Found Gukuc's Book Shoppe.
 22080 | Shoals:2 | Found Fuiracix's Magic Scroll Shop.
 22098 | Shoals:2 | Found Oli Jamn's Distillery.
 22367 | Shoals:2 | Reached XP level 17. HP: 139/139 MP: 17/17
 22436 | Shoals:2 | Found Tischid's Armour Emporium.
 22465 | Shoals:2 | Found Saetyluf's Weapon Boutique.
 22556 | Shoals:2 | Received a gift from Trog
 22580 | Shoals:2 | Reached skill level 13 in Shields
 23866 | Shoals:3 | Reached skill level 14 in Shields
 24242 | Shoals:3 | Received a gift from Trog
 24875 | Shoals:4 | Entered Level 4 of the Shoals
 25540 | Shoals:4 | Reached skill level 15 in Shields
 25734 | Shoals:4 | Identified the +2 flail of the Fox {flame, Str+4} (Trog
                  | gifted it to you on level 4 of the Shoals)
 25734 | Shoals:4 | Received a gift from Trog
 26188 | Shoals:4 | Reached skill level 15 in Throwing
 26248 | Shoals:4 | Reached XP level 18. HP: 94/146 MP: 18/18
 26768 | Shoals:4 | Reached skill level 16 in Shields
 26780 | Shoals:4 | Identified the +9 dagger "Emejo" {venom, rF+ MP+9 Int+4}
 26886 | Shoals:4 | Identified the +4 short sword of Valour {speed, MP+9}
 27092 | Shoals:4 | Got a barnacled rune of Zot
 27276 | Shoals:4 | Received a gift from Trog
 27499 | Orc:2    | Bought an ancient bardiche for 336 gold pieces
 27499 | Orc:2    | Identified the +3 bardiche of Woretrer {freeze, Will+
                  | Dex+2} (You bought it in a shop on level 2 of the Orcish
                  | Mines)
 27687 | Spider:1 | Entered Level 1 of the Spider Nest
 28321 | Spider:1 | Reached skill level 15 in Fighting
 28795 | Spider:1 | Received a gift from Trog
 29923 | Spider:3 | Received a gift from Trog
 30307 | Spider:3 | Identified the +0 pair of gloves "Apreoj" {Fly rF+++ Will++
                  | Stlth-}
 30482 | Spider:4 | Entered Level 4 of the Spider Nest
 30558 | Spider:4 | Received a gift from Trog
 30608 | Spider:4 | Reached XP level 19. HP: 131/159 MP: 19/19
 30713 | Spider:4 | Reached skill level 10 in Armour
 31824 | Spider:4 | Received a gift from Trog
 31913 | Spider:4 | Identified the +1 pair of boots of the Armoured One {Dex+3}
 31917 | Spider:4 | Got a gossamer rune of Zot
 31928 | Spider:4 | Identified the +0 pair of boots "Zeleshre" {rF+ Int+2}
 31929 | Spider:4 | Identified the +0 pair of boots "Xaruiv" {Int+4 Slay+2}
 32446 | Vaults:1 | Entered Level 1 of the Vaults
 32768 | Vaults:1 | Reached skill level 17 in Shields
 32777 | Vaults:1 | Received a gift from Trog
 33351 | Vaults:1 | Reached XP level 20. HP: 153/170 MP: 20/20
 34311 | Vaults:1 | Found Suimaiwe's Book Emporium.
 34542 | Vaults:2 | Received a gift from Trog
 34721 | Vaults:2 | Reached skill level 18 in Shields
 35894 | Vaults:2 | Received a gift from Trog
 36939 | Vaults:3 | Reached skill level 19 in Shields
 36954 | Vaults:3 | Received a gift from Trog
 37349 | Vaults:3 | Reached XP level 21. HP: 73/180 MP: 21/21
 37623 | Vaults:3 | Found a staircase to the Crypt.
 38208 | Vaults:3 | Identified the +7 arbalest of Beaciquc {freeze, Str+5}
 38400 | Vaults:4 | Received a gift from Trog
 38642 | Vaults:4 | Found Gaipnye's Antique Weapon Shoppe.
 38676 | Vaults:4 | Reached skill level 20 in Shields
 39012 | Shoals:2 | Bought a scroll of acquirement for 624 gold pieces
 39012 | Shoals:2 | Acquired 888 gold pieces
 40533 | Vaults:4 | Identified the +13 trident of Wubelit {heavy, Contam Dex+3}
                  | (Trog gifted it to you on level 4 of the Vaults)
 40533 | Vaults:4 | Received a gift from Trog
 41701 | Elf:1    | Entered Level 1 of the Elven Halls
 41815 | Elf:1    | Reached skill level 21 in Shields
 41978 | Elf:1    | Found Xestyh's Weapon Boutique.
 42016 | Elf:1    | Received a gift from Trog
 42112 | Elf:1    | Found a shimmering blue altar of Sif Muna.
 42146 | Elf:1    | Paralysed by an air elemental for 1 turns
 42603 | Elf:1    | Paralysed by an air elemental for 1 turns
 43190 | Elf:2    | Reached skill level 15 in Dodging
 43285 | Elf:2    | Reached XP level 22. HP: 98/190 MP: 22/22
 43325 | Elf:2    | Received a gift from Trog
 43581 | Elf:2    | Paralysed by an air elemental for 1 turns
 43680 | Elf:2    | Found a huge runed translucent gate.
 43680 | Elf:2    | Found a huge runed translucent gate.
 43685 | Elf:2    | Found a huge runed translucent gate.
 43686 | Elf:2    | Found a huge runed translucent gate.
 43688 | Elf:2    | Found a huge runed translucent gate.
 44522 | Elf:3    | Entered Level 3 of the Elven Halls
 44654 | Elf:3    | Found a shimmering blue altar of Sif Muna.
 44778 | Elf:3    | Found the -2 hat of the Alchemist {rElec rPois rF+ rC+ rN+
                  | Will+ rMut rCorr}
 44785 | Elf:3    | Received a gift from Trog
 45493 | Elf:3    | Received a gift from Trog
 45848 | Elf:3    | Identified the +0 helmet "Xael" {rN++ Int-5 Dex+5}
 45856 | Elf:3    | Identified the ring of Sunagoan {rC+ rN+ Dex+6}
 45905 | Elf:3    | Identified the +3 hand axe of Dust {distort, +Blink rElec
                  | Str-2 Int+3}
 46013 | Elf:3    | Identified the ring "Camouw" {rF+ rCorr}
 47313 | Vaults:5 | Entered Level 5 of the Vaults
 47327 | Vaults:5 | Received a gift from Trog
 47429 | Vaults:5 | Noticed Xtahua
 47431 | Vaults:5 | Killed Xtahua
 47443 | Vaults:5 | Reached XP level 23. HP: 108/200 MP: 23/23
 47944 | Vaults:5 | Received a gift from Trog
 47952 | Vaults:5 | Identified the +6 scale mail of the Enormous God {rC+}
 48556 | Vaults:5 | Got a silver rune of Zot
 49095 | Vaults:4 | Received a gift from Trog
 49629 | Vaults:5 | Identified the +6 whip of Paper {pain, rElec rF++ rCorr}
 49673 | Vaults:5 | Noticed a dread lich
 49691 | Vaults:5 | Killed a dread lich
 49730 | Vaults:5 | Noticed a golden dragon
 49741 | Vaults:5 | Killed a golden dragon
 49962 | Vaults:5 | Found Otiter's Magic Scroll Shop.
 50007 | Vaults:5 | Noticed a golden dragon
 50019 | Vaults:5 | Killed a golden dragon
 50042 | Vaults:5 | Reached skill level 1 in Stealth
 50580 | Vaults:5 | Identified the +0 chain mail of Tenacity {Stlth+}
 51331 | Shoals:2 | Bought a scroll of fog for 48 gold pieces
 51331 | Shoals:2 | Bought a scroll of enchant armour for 90 gold pieces
 51533 | Depths:1 | Entered Level 1 of the Depths
 51536 | Depths:1 | Found a one-way gate to the infinite horrors of the Abyss.
 51646 | Depths:1 | Received a gift from Trog
 51800 | Depths:1 | Found a hazy altar of Hepliaklqana.
 51840 | Depths:1 | Reached XP level 24. HP: 203/210 MP: 23/23
 52419 | Depths:1 | Identified the ring "Hezeivey" {Fly rC+ Int-3 Dex+2}
 52505 | Depths:1 | Identified the +6 trident of the Glowing Blood {heavy,
                  | +Blink} (Trog gifted it to you on level 1 of the Depths)
 52505 | Depths:1 | Received a gift from Trog
 52736 | Depths:1 | Found Tizakis's Antique Armour Emporium.
 52958 | Depths:1 | Found a white marble altar of Elyvilon.
 52958 | Depths:1 | Found a glowing golden altar of the Shining One.
 52958 | Depths:1 | Found a glowing silver altar of Zin.
 53266 | Depths:1 | Reached skill level 22 in Shields
 53327 | Depths:1 | Found a gateway to Hell.
 54498 | Depths:1 | Received a gift from Trog
 55216 | Depths:2 | Identified the +7 battleaxe "Mysoodup" {speed, rElec Will+
                  | MP+9 Str+2 Dex-2}
 55446 | Depths:2 | Found a one-way gateway to a ziggurat.
 55651 | Depths:2 | Received a gift from Trog
 55697 | Depths:2 | Reached XP level 25. HP: 138/219 MP: 23/23
 55889 | Depths:2 | Found a one-way gate leading to the halls of Pandemonium.
 55913 | Depths:2 | Reached skill level 23 in Shields
 56223 | Depths:2 | Identified the +1 scale mail "Cuecwa" {Will+ MP+9}
 56225 | Depths:2 | Found Foiton's Assorted Antiques.
 56594 | Depths:3 | Identified the +6 demon whip of Ucaeq {freeze, *Corrode
                  | Drain +Blink MP+9}
 57086 | Depths:3 | Received a gift from Trog
 57155 | Depths:3 | Identified the +2 flail "Lohomir" {venom, rN+ Int+3}
 57389 | Depths:3 | Paralysed by a floating eye for 4 turns
 57397 | Depths:3 | Paralysed by a floating eye for 4 turns
 57402 | Depths:3 | Paralysed by a floating eye for 3 turns
 57817 | Depths:3 | Identified the +1 leather armour "Wuyppilo" {Fly rElec}
 57941 | Depths:3 | Noticed a juggernaut
 57955 | Depths:3 | Killed a juggernaut
 58508 | Depths:3 | Found a stormy altar of Qazlal.
 58662 | Depths:4 | Entered Level 4 of the Depths
 58706 | Depths:3 | Received a gift from Trog
 59029 | Depths:4 | Found Laol's Antique Weapon Emporium.
 59038 | Depths:4 | Bought the +5 demon whip "Spellbinder" {antimagic, Will+}
                  | for 2312 gold pieces
 59038 | Depths:4 | Found the +5 demon whip "Spellbinder" {antimagic, Will+}
 59050 | Depths:4 | Reached skill level 1 in Maces & Flails
 59185 | Depths:4 | Noticed Louise
 59196 | Depths:4 | Killed Louise
 59261 | Depths:4 | Reached skill level 5 in Maces & Flails
 59392 | Depths:4 | Received a gift from Trog
 59643 | Depths:4 | Found a gate to the Realm of Zot.
 59863 | Depths:4 | Reached XP level 26. HP: 185/229 MP: 23/23
 60146 | Depths:4 | Reached skill level 10 in Maces & Flails
 60975 | Zot:1    | Entered Level 1 of the Realm of Zot
 61062 | Zot:1    | Received a gift from Trog
 61161 | Zot:1    | You are sucked into a shaft and drop 1 floor!
 61376 | Zot:1    | Noticed a Killer Klown
 61383 | Zot:1    | Killed a Killer Klown
 61383 | Zot:1    | Noticed a dread lich
 61417 | Zot:1    | Killed a dread lich
 61557 | Zot:1    | Noticed a Killer Klown
 61563 | Zot:1    | Killed a Killer Klown
 61734 | Zot:1    | Reached skill level 24 in Shields
 62208 | Zot:1    | Received a gift from Trog
 63177 | Zot:2    | Found a transporter.
 63741 | Zot:2    | Found a transporter.
 64133 | Zot:3    | Received a gift from Trog
 64161 | Zot:3    | Reached XP level 27. HP: 188/237 MP: 23/23
 64830 | Zot:3    | Noticed a dread lich
 64856 | Zot:3    | Killed a dread lich
 65220 | Zot:3    | Received a gift from Trog
 65991 | Zot:4    | Identified the +6 morningstar of Mutilation {flame, Dex+2}
 66701 | Zot:5    | Entered Level 5 of the Realm of Zot
 66738 | Zot:5    | Identified the +0 leather armour of Baoceqi {rElec Regen+
                  | Int+4}
 66763 | Zot:5    | Reached skill level 25 in Shields
 66898 | Zot:5    | Found a runed translucent gate.
 66900 | Zot:5    | Found a runed translucent gate.
 66900 | Zot:5    | Found an opulent altar of Gozag.
 66901 | Zot:5    | Found a runed translucent gate.
 66902 | Zot:5    | Found Fugod's Assorted Antiques.
 66902 | Zot:5    | Noticed Joggorr's ghost (veteran OgBe)
 66906 | Zot:5    | Found Awamiu's Assorted Antiques.
 67876 | Zot:5    | Noticed an orb of fire
 67877 | Zot:5    | Noticed an orb of fire
 67878 | Zot:5    | Gained mutation: You are clumsy. (Dex -2) [an orb of fire]
 67915 | Zot:5    | Killed an orb of fire
 67927 | Zot:5    | Gained mutation: You have hidden genetic defects. [an orb
                  | of fire]
 67933 | Zot:5    | HP: 10/240 [Orb Guardian (26)]
 67934 | Zot:5    | HP: 1/240 [orb of fire/bolt of fire (10)]
 67943 | Zot:5    | HP: 8/240 [something (12)]
 67950 | Zot:5    | HP: 8/240 [something (4)]
 67951 | Zot:5    | Slain by a ghost moth

Illustrated notes

Levels and vault maps discovered:
D:1:      moated_graveyard_arrival, layout_basic, minmay_indecisive_spiral
D:2:      layout_basic
D:3:      layout_loops_ring, mainiacjoe_overflow_concentric_impassable,
          minmay_misc_feat_tiny, nicolae_kite_square_tiling_tiny,
          grunt_ministairs_14, chequers_arboretum,
          minmay_misc_feat_four_crosses, minmay_misc_feat_pillars,
          kennysheep_minor_cross, nicolae_elevator_lobby_asterisk, uniq_robin
D:4:      layout_rooms, slow_altar_1, serial_shops, nicolae_shop_hallway_stairs,
          amcnicky_mini_pool_small
D:5:      layout_basic, mainiacjoe_overflow_brackets, temple_statues,
          portal_sewer_entry_a, serial_shops, nicolae_shop_behind_doors,
          kennysheep_doodads, st_stairs_9
D:6:      minmay_clustersquares, layout_layer_cave,
          dreamdust_divine_triumvirate, chequers_avenue
D:7:      layout_rooms, xom_confusion_cloud, general_overflow_altar,
          chequers_mini_garden, grunt_ministairs_12, minmay_misc_feat_columns,
          kennysheep_generic_room_5, uniq_pikel, uniq_maggie
D:8:      layout_cave_pools, trog_wizard, mainiacjoe_overflow_alcove_2,
          uniq_erica
D:9:      layout_loops_cross, mainiacjoe_overflow_24_doors,
          mainiacjoe_overflow_six_doors_small, mainiacjoe_overflow_alcove_4
D:10:     layout_basic, lemuel_zombie_altar_kikubaaqudgha,
          hellmonk_lair_entry_icy, minmay_bent
D:11:     minmay_the_grid_triangle_9x9_recursive_2_mashed
          [minmay_the_grid_triangle_9x9_prize_top_heavy,
          minmay_the_grid_triangle_9x9_windchime,
          minmay_the_grid_triangle_9x9_stretched_checkered,
          minmay_the_grid_triangle_9x9_flanged_cone], layout_long_grid,
          uniq_fannar, uniq_psyche
D:12:     dreamdust_dug_too_deep, layout_irregular_city,
          makhleb_altar_promises_db
D:13:     layout_roguey, skrybe_vaults_entry_preservation,
          corexii_leaking_fountain, uniq_kirke
D:14:     layout_loops_ring, serial_shops, shop
D:15:     grunt_enter_depths_giant_problem, layout_basic, elyvilon_altar_5,
          serial_shops, bzr_entry_road, uniq_agnes
Lair:1:   layout_cave_pods, serial_bayou, serial_bayou_pond_d,
          serial_bayou_shore_a, serial_bayou_lagoon_b, serial_bayou_ford_a,
          serial_bayou_shore_b
Lair:2:   layout_cave_pods, lemuel_fruit_fields, uniq_gastronok
Lair:3:   regret_index_combs_of_tragedy, layout_layer_cave, shoals_dummy_entry,
          spider_nest_entry_a, cheibrodos_lair_lostbears, grunt_megastairs_5
Lair:4:   layout_cave_pods, st_stairs_9, minmay_lair_oklob_items
Lair:5:   minmay_lair_end_enchanted_forest, layout_cave_pods,
          nicolae_slime_entry_field_trip, minmay_stone_trees_small
Shoals:1: layout_shoals, nicolae_shop_firing_range
Shoals:2: layout_shoals, serial_shops, shop, shop, nicolae_shop_crystal,
          shop_statue, shop_statue
Shoals:3: layout_shoals
Shoals:4: shoals_end_grunt_ice, layout_shoals,
          nicolae_shoals_lost_giant_amphitheater
Spider:1: layout_spider_delve, nicolae_spider_solar_radiation
Spider:2: layout_spider_delve, nicolae_spider_nooks_and_crannies
Spider:3: layout_spider_delve, guppyfry_spider_mini_2
Spider:4: hellmonk_spider_rune_endless_swarm,
          nicolae_spider_some_kinda_spiderbox
Orc:1:    layout_caves, serial_shops, shop
Orc:2:    st_orc_congregation, layout_diamond_mine, basic_altar
Elf:1:    nicolae_elf_arrival_no_cutting_in_line, layout_geoelf_octagon,
          serial_shops, shop, basic_altar, hangedman_elven_crosses_minicolossus,
          nicolae_elf_shapeshifter_party
Elf:2:    elven_hall_of_blades_hangedman_alternative
          [nicolae_blade_entry_crossed_weapons], layout_gridlike, minivault_14,
          elves_outpost_lemuel
Elf:3:    minmay_elf_hall_four_x, layout_loops_corners, basic_altar
Vaults:1: ontoclasm_vaults_pinch, hangedman_vaults_locks,
          dpeg_vaults_pockets_of_resistance, vaults_mumra_hexcomb,
          vaults_dpeg_hooks, vaults_dpeg_emergency_exit, vaults_room_pools,
          nicolae_vaults_rhombus_7, vaults_standard_mumra_lines,
          vaults_dpeg_ring, v_alt_pattern_3, v_pattern_1,
          layout_vaults_omnicross, serial_shops, nicolae_shop_statue_plus
Vaults:2: nicolae_vaults_good_morning_starshine,
          nicolae_vaults_little_squares_5, nicolae_vaults_twisting_passages,
          vaults_room_grunt_arrival_checkpoint, hangedman_vaults_stagger,
          v_misc_19, v_alt_pattern_2, v_misc_11, nicolae_vaults_back_hallway,
          v_misc_24, ontoclasm_vaults_idyll, ontoclasm_vaults_ligature,
          v_misc_27, ontoclasm_vaults_ring_small, ontoclasm_vaults_fault,
          layout_vaults_maze
Vaults:3: hangedman_vaults_unwind, vaults_dpeg_cross, v_rooms_1,
          nicolae_vaults_yaktaur_gun_rack, blue_anna_dwarven_crypt, v_misc_22,
          layout_vaults_big_room
Vaults:4: v_misc_13, grunt_vaults_swirl, hangedman_vaults_slice,
          vaults_mumra_hex, nicolae_vaults_gold_heap, ontoclasm_vaults_chip,
          layout_vaults_omnigrid, serial_shops, nicolae_shop_hallway_stairs
Vaults:5: serial_shops, uniq_xtahua
Depths:1: minmay_box_of_statues, layout_gridlike, hell_entry,
          abyss_entry_glasseish, lemuel_round_altar, serial_rivers,
          chequers_serial_rivers_micro_a, chequers_serial_rivers_micro_c,
          chequers_serial_rivers_room_a, chequers_serial_rivers_room_a,
          chequers_serial_rivers_small_a, nicolae_take_the_stairs,
          minmay_misc_feat_diagonals, amcnicky_mini_corridor_feature,
          hallowed_hall
Depths:2: cheibrodos_salmonella, layout_gridlike, enter_ziggurat_a,
          minmay_misc_feat_enclosed, serial_shops, shop_fountains,
          rand_demon_pan_entry_3, hell_entry, nicolae_rock_paper_scissors
Depths:3: minmay_nested_s, layout_long_grid, abyss_entry, hellmouth_3,
          nicolae_qazlal_style_of_elements, grunt_pan_entry_zigzag,
          minmay_staircase_bubble
Depths:4: evilmike_zot_entry_diamond, layout_gridville, hell_entry,
          nicolae_abyss_entry_one_way_or_another, serial_shops,
          nicolae_shop_hallway_stairs, grunt_megastairs_3
Zot:1:    grunt_deathspiral_small, layout_onion_interference
Zot:2:    layout_misc_corridors, nicolae_diode_stairs, grunt_megastairs_1
Zot:3:    layout_gridlike, lemuel_lich_library
Zot:4:    layout_basic
Zot:5:    layout_misc_corridors, ebering_ghost_gozag, st_stairs_6,
          nicolae_zot_crop_circle

Skill      XL: |  1  2  3  4  5  6  7  8  9 10 11 12 13 14 15 16 17 18 19 20 21 22 23 24 25 26 27 |
---------------+----------------------------------------------------------------------------------+-----
Dodging        | 3 4 5 6 7 8 11 12 14 15 17 20 21 | 21.7
Polearms       | 5 7 9 12 15 16 18 20 21 22 | 22.7
Fighting       | 4 5 6 8 9 10 12 14 16 17 19 20 21 22 23 24 | 24.4
Armour         | 2 4 7 8 9 10 11 12 13 14 | 14.2
Throwing       | 4 8 11 12 13 15 16 | 16.9
Evocations     | 4 6 8 9 |  9.0
Shields        | 3 9 12 15 16 17 19 21 22 23 24 25 | 25.2
Stealth        | 2 3 4 |  4.7
Maces & Flails | 9 12 | 12.0

Action                   |  1- 3 |  4- 6 |  7- 9 | 10-12 | 13-15 | 16-18 | 19-21 | 22-24 | 25-27 || total
-------------------------+-------+-------+-------+-------+-------+-------+-------+-------+-------++-------
Melee: Spear             |   137 |   232 |   116 |       |       |       |       |    18 |       ||   503
       Tailslap          |       |     1 |       |       |     5 |    23 |       |       |       ||    29
       Punch             |       |       |     2 |       |     2 |       |       |       |       ||     4
       Halberd           |       |       |   139 |       |       |       |       |       |       ||   139
       Glaive            |       |       |    31 |   517 |   214 |       |       |       |       ||   762
       Demon trident     |       |       |       |       |   719 |  1048 |  1308 |  1410 |  1452 ||  5937
       Demon whip        |       |       |       |       |       |       |       |       |   194 ||   194
       Trident           |       |       |       |       |       |       |       |       |     6 ||     6
Throw: Stone             |       |     3 |       |    17 |       |       |       |       |       ||    20
       Dart              |       |       |       |       |     1 |    10 |       |     3 |       ||    14
       Boomerang         |       |       |       |       |       |    85 |    30 |    25 |   142 ||   282
       Javelin           |       |       |       |       |       |       |     1 |    54 |     6 ||    61
       Throwing net      |       |       |       |       |       |       |       |     1 |       ||     1
Invok: Berserk           |     3 |     4 |     5 |     6 |     7 |     2 |     8 |    10 |     5 ||    50
       Trog's Hand       |       |     2 |     1 |     6 |     2 |     2 |     2 |     9 |     6 ||    30
       Brothers in Arms  |       |       |       |     1 |       |     2 |     2 |     5 |     1 ||    11
Evoke: Wand              |       |       |       |     5 |       |       |       |       |     3 ||     8
       Condenser vane    |       |       |       |       |     1 |     1 |     2 |     1 |       ||     5
       Tin of tremorston |       |       |       |       |       |       |       |       |     2 ||     2
  Use: Scroll            |       |     2 |       |    25 |     7 |     8 |     1 |    12 |    10 ||    65
       Potion            |       |       |       |       |       |     1 |     1 |     8 |     3 ||    13
 Stab: Sleeping          |     2 |       |       |       |     1 |     3 |       |     1 |     7 ||    14
       Distracted        |       |       |       |       |     1 |     1 |     2 |       |     9 ||    13
       Petrified         |       |       |       |       |     1 |       |       |       |       ||     1
       Confused          |       |       |       |       |       |       |       |       |     1 ||     1
Armor: Animal skin       |     4 |       |       |       |       |       |       |       |       ||     4
       Plate armour      |    39 |    73 |    99 |   203 |   185 |       |       |    57 |       ||   656
       Leather armour    |       |       |       |       |    77 |   170 |    46 |       |       ||   293
       Ice dragon scales |       |       |       |       |       |       |   377 |    25 |       ||   402
       Shadow dragon sca |       |       |       |       |       |       |       |   257 |   399 ||   656
Dodge: Dodged            |    38 |   100 |   130 |   255 |   459 |   554 |   876 |   881 |   950 ||  4243
Block: Buckler           |       |       |       |       |    79 |   281 |   157 |       |       ||   517
       Kite shield       |       |       |       |       |       |       |    57 |       |       ||    57
       Tower shield      |       |       |       |       |       |       |   958 |  1497 |  1618 ||  4073

Table legend: (Time is in decaauts)
 A = Elapsed time spent in this place.
 B = Non-inter-level travel time spent in this place.
 C = Inter-level travel time spent in this place.
 D = Time resting spent in this place.
 E = Time spent auto-exploring this place.
 F = Levels seen in this place.
 G = Mean time per level.
                   A        B        C        D        E       F      G
               +--------+--------+--------+--------+--------+-----+--------+
         Total |  66823 |  59741 |   7082 |   8469 |  38282 |  49 | 1363.7 |
       Dungeon |  15007 |  12559 |   2448 |   1118 |   8891 |  15 | 1000.5 |
          Lair |   6631 |   5649 |    982 |    138 |   4324 |   5 | 1326.2 |
        Shoals |   5656 |   5270 |    386 |    581 |   3738 |   4 | 1414.0 |
   Spider Nest |   4654 |   4340 |    314 |    331 |   3186 |   4 | 1163.5 |
  Orcish Mines |   1569 |   1229 |    340 |    115 |    763 |   2 |  784.5 |
   Elven Halls |   4139 |   3631 |    508 |    517 |   2062 |   3 | 1379.7 |
        Vaults |  12695 |  11209 |   1486 |   2855 |   6005 |   5 | 2539.0 |
        Depths |   9443 |   8945 |    498 |   2042 |   4655 |   4 | 2360.8 |
           Zot |   6774 |   6658 |    116 |    731 |   4519 |   5 | 1354.8 |
        Bazaar |     37 |     37 |      0 |      0 |     14 |   1 |   37.0 |
         Sewer |    215 |    215 |      0 |     38 |    120 |   1 |  215.0 |
               +--------+--------+--------+--------+--------+-----+--------+

Top non-repeatable levels by time:
Depths:1: 3279 daAuts
Vaults:4: 3150 daAuts
Vaults:1: 2935 daAuts
Depths:3: 2659 daAuts
Vaults:5: 2550 daAuts
Vaults:2: 2215 daAuts
   Zot:1: 1989 daAuts
Depths:2: 1904 daAuts
  Lair:3: 1880 daAuts
Shoals:3: 1847 daAuts
Vaults:3: 1843 daAuts
Spider:4: 1698 daAuts
Depths:4: 1599 daAuts
Spider:1: 1526 daAuts
   Zot:3: 1483 daAuts
